 Dungeon Crawl Stone Soup version 0.28-a0-1130-gc51a68064b (webtiles) character file.

Game seed: 10052365635391131004

76 croobank the Sneak (level 4, -1/31 HPs)
             Began as an Octopode Monk on Dec 12, 2021.
             Slain by an orc warrior (14 damage)
             ... on level 4 of the Dungeon.
             The game lasted 00:08:43 (2752 turns).

croobank the Sneak (Octopode Monk)                  Turns: 2752, Time: 00:08:44

Health: -1/31      AC:  1    Str: 10    XL:     4   Next: 32%
Magic:  4/4        EV: 14    Int: 14    God:
Gold:   81         SH:  0    Dex: 14    Spells: 3/3 levels left

rFire   . . .      SeeInvis .   a - +0 hand axe
rCold   . . .      Faith    .   (no shield)
rNeg    . . .      Spirit   .   (helmet restricted)
rPois   .          Reflect  .   (no amulet)
rElec   .          Harm     .   (no ring)
rCorr   .          Rampage  .   (no ring)
Will    .....                   (no ring)
Stlth   ++++......              (no ring)
HPRegen 0.10/turn               (no ring)
MPRegen 0.09/turn               (no ring)
                                (no ring)
                                (no ring)

@: no status effects
A: almost no armour, amphibious, 8 rings, camouflage 1, gelatinous body 1,
(nimble swimmer 1), tentacles
a: no special abilities


You were on level 4 of the Dungeon.
You visited 1 branch of the dungeon, and saw 4 of its levels.

You collected 81 gold pieces.

Inventory:

Hand Weapons
 a - a +0 hand axe (weapon)
 k - a +1 vorpal mace
Missiles
 c - 45 sling bullets
 d - 13 poisoned darts (quivered)
 e - 79 stones
Scrolls
 g - a scroll of holy word {unknown}
 h - a scroll of enchant weapon {unknown}
Potions
 f - 2 potions of curing
 i - a potion of heal wounds {unknown}


   Skills:
 + Level 3.5 Fighting
 + Level 3.5 Axes
 + Level 3.5 Dodging
 + Level 4.0 Stealth


You had 3 spell levels left.
You didn't know any spells.
Your spell library was empty.

Dungeon Overview and Level Annotations

Branches:
Dungeon (4/15)
 Temple: D:4-7

Altars:
Hepliaklqana


Innate Abilities, Weirdness & Mutations

You cannot wear most types of armour.
You are amphibious.
You can wear up to eight rings at the same time.
Your skin changes colour to match your surroundings (Stealth+).
Your rubbery body absorbs attacks. (AC +1, EV +1)
((You are camouflaged near water. (Stealth+)))
You have tentacles for arms and can constrict up to eight enemies at once.


Message History

You closely miss the orc.
The orc is severely wounded.
The orc hits you but does no damage.
You hit the orc.
The orc is almost dead.
The orc hits you with a +0 short sword.
* * * LOW HITPOINT WARNING * * *
You hit the orc.
You kill the orc!
Your Stealth skill increases to level 4!
You start resting.
Your transformation is almost over.
You start resting.
You feel less wooden.
You start resting.
HP restored.
Things that are here:
a +0 club; an orc skeleton You see here a +0 leather armour.
There is a stone staircase leading down here.
You climb downwards.
Found a robe.
There is a stone staircase leading up here.
The orc priest shouts!
The orc wizard shouts!
The orc warrior shouts!
The orc priest shouts!
The orc priest misses you. The orc wizard barely misses you.
You climb upwards.
There is a stone staircase leading down here.
You climb downwards.
The orc warrior hits you with a +0 flail!
The orc wizard points at you and mumbles some strange words.
The puff of flame misses you.
The orc wizard gestures at you while chanting.
The puff of flame misses you. The orc warrior barely misses you.
The orc shouts!
There is a stone staircase leading up, spattered with blood here.
The orc priest begins to cast a cantrip, but forgets the words!
The orc priest hits you with a +0 dagger.
The orc warrior hits you with a +0 flail!
You die...

### ..#
#.# #
#.#.#
#.#[##
#.o..#
#@o..#
#o...#
.o...#
#...o.#
....###
.....#
.....#
#.....#


You could see an orc warrior, 2 orc priests, an orc wizard and an orc.

Vanquished Creatures
  3 adders
  7 orcs (D:3)
  3 ball pythons
  4 bats
  5 endoplasms
  A giant cockroach (D:1)
  2 goblins (D:2)
  A hobgoblin (D:2)
  3 quokkas
  8 frilled lizards
  6 kobolds
  4 rats
47 creatures vanquished.

Notes
Turn   | Place    | Note
-------+----------+-------------------------------------------
     0 | D:1      | croobank the Octopode Monk began the quest for the Orb.
     0 | D:1      | Reached XP level 1. HP: 16/16 MP: 1/1
   265 | D:1      | Reached skill level 3 in Stealth
   272 | D:1      | Reached XP level 2. HP: 21/21 MP: 2/2
   805 | D:2      | Reached XP level 3. HP: 20/26 MP: 3/3
  1916 | D:3      | Found Qoidoid's Armour Shoppe.
  1968 | D:3      | Reached XP level 4. HP: 27/31 MP: 4/4
  2362 | D:3      | Found a faded altar of an unknown god.
  2362 | D:3      | Found a faded altar of an unknown god.
  2362 | D:3      | Found a faded altar of an unknown god.
  2365 | D:3      | Found a hazy altar of Hepliaklqana.
  2438 | D:4      | Noticed an ogre
  2452 | D:3      | Reached skill level 4 in Stealth
  2747 | D:4      | Noticed an orc warrior
  2752 | D:4      | Slain by an orc warrior

Illustrated notes

Levels and vault maps discovered:
D:1:      dpeg_arrival_court, layout_loops_ring, minmay_misc_feat_four_crosses,
          solitary_fountain, glass_columns_a
D:2:      layout_rooms, grunt_ministairs_7, chequers_serial_rivers_micro_a
D:3:      layout_basic, nicolae_hepliaklqana_ecumenical_no_more, serial_shops,
          nicolae_lakefront_shop
D:4:      layout_basic, nicolae_wu_jian_wuxing_cycle, grunt_gozag_breadcrumbs,
          st_stairs_14, uniq_duvessa

Skill      XL: |  1  2  3  4 |
---------------+-------------+-----
Stealth        | 3 4 |  4.0
Fighting       | |  3.5
Axes           | |  3.5
Dodging        | |  3.5

Action                   |  1- 3 |  4- 6 || total
-------------------------+-------+-------++-------
Melee: Hand axe          |    65 |    13 ||    78
       Constrict         |    17 |     1 ||    18
       Tentacles         |     8 |       ||     8
Throw: Dart              |    12 |       ||    12
  Use: Scroll            |     5 |     2 ||     7
       Potion            |       |     1 ||     1
 Stab: Sleeping          |     7 |     1 ||     8
Armor: Skin              |     5 |    14 ||    19
Dodge: Dodged            |    36 |    17 ||    53

Table legend: (Time is in decaauts)
 A = Elapsed time spent in this place.
 B = Non-inter-level travel time spent in this place.
 C = Inter-level travel time spent in this place.
 D = Time resting spent in this place.
 E = Time spent auto-exploring this place.
 F = Levels seen in this place.
 G = Mean time per level.
                   A        B        C        D        E       F      G
               +--------+--------+--------+--------+--------+-----+--------+
         Total |   2765 |   2659 |    106 |    547 |   1555 |   4 |  691.2 |
       Dungeon |   2765 |   2659 |    106 |    547 |   1555 |   4 |  691.2 |
               +--------+--------+--------+--------+--------+-----+--------+

Top non-repeatable levels by time:
     D:3: 1023 daAuts
     D:2: 902 daAuts
     D:1: 831 daAuts
     D:4: 7 daAuts
